 Dungeon Crawl Stone Soup version 0.30.1-9-gdf580d7c3d (webtiles) character file.

Game seed: 5817672453680338972

1799 Peloso the Chopper (level 8, -2/62 (70) HPs)
             Began as a Minotaur Fighter on Oct 5, 2023.
             Slain by a wight
             ... wielding a +4 halberd
              (5 damage)
             ... on level 6 of the Dungeon.
             The game lasted 00:08:00 (4349 turns).

Peloso the Chopper (Minotaur Fighter)               Turns: 4349, Time: 00:08:01

HP:   -2/62 (70)    AC: 12    Str: 21    XL:     8   Next: 83%
MP:   7/7           EV:  9    Int:  5    God:
Gold: 422           SH:  5    Dex: 12    Spells: 7/7 levels left

rFire   . . .        b - +7 broad axe of the Winnowing Stork {heavy, SInv}
rCold   . . .        d - +0 buckler
rNeg    . . .        c - +0 chain mail
rPois   .            o - +2 hat
rElec   .            (no cloak)
rCorr   .            (no gloves)
SInv    +            (no boots)
Will    .....        (no amulet) Stlth
                     (no ring)
HPRegen 0.30/turn    (no ring)
MPRegen 0.10/turn

%: no passive effects
@: heavily drained
A: horns 2, retaliatory headbutt
a: no special abilities


You were on level 6 of the Dungeon.
You visited 1 branch of the dungeon, and saw 6 of its levels.
You also visited: Sewer.

You collected 422 gold pieces.

Inventory:

Hand Weapons
 a - a +0 long sword
 b - the +7 broad axe of the Winnowing Stork (weapon) {heavy, SInv}
   (You found it on level 4 of the Dungeon)

   SInv:      It lets you see invisible.
Armour
 c - a +0 chain mail (worn)
 d - a +0 buckler (worn)
 o - a +2 hat (worn)
Wands
 n - a wand of mindburst (12)
 q - a wand of digging (4)
Scrolls
 h - a scroll of amnesia
 i - 3 scrolls of fog
 j - a scroll of enchant armour {unknown}
 l - 2 scrolls of teleportation
 p - a scroll of enchant weapon {unknown}
 s - a scroll of summoning {unknown}
 t - a scroll of identify
 u - a scroll of poison
Potions
 e - a potion of heal wounds
 f - 2 potions of might
 g - 4 potions of curing
 k - 2 potions of haste {unknown}
 m - a potion of resistance
 r - a potion of invisibility


   Skills:
 + Level 6.2 Fighting
 + Level 6.1 Long Blades
 + Level 7.4 Axes
 + Level 6.9 Armour
 + Level 3.5 Dodging
 + Level 0.4 Stealth
 + Level 5.4 Shields


You had 7 spell levels left.
You didn't know any spells.
Your spell library contained the following spells:

 Spells                   Type           Power      Damage    Failure   Level
 Lesser Beckoning         Tloc           0%         N/A       99%         2
 Call Canine Familiar     Summ           0%         N/A       100%        3
 Frozen Ramparts          Ice            0%         1d1       100%        3
 Gell's Gravitas          Tloc           0%         N/A       100%        3
 Inner Flame              Hex/Fire       0%         N/A       100%        3
 Portal Projectile        Hex/Tloc       0%         N/A       100%        3
 Teleport Other           Tloc           0%         N/A       100%        3
 Ice Form                 Ice/Tmut       0%         N/A       100%        4
 Leda's Liquefaction      Hex/Erth       0%         N/A       100%        4
 Summon Ice Beast         Ice/Summ       0%         N/A       100%        4
 Summon Mana Viper        Hex/Summ       0%         N/A       100%        5


Dungeon Overview and Level Annotations

Branches:
Dungeon (6/15)              Sewer (visited)
 Temple: D:4-7

Altars:
Hepliaklqana
Ru
Vehumet
Yredelemnul


Innate Abilities, Weirdness & Mutations

You have a pair of horns on your head.
You reflexively headbutt those who attack you in melee.


Message History

You feel drained. The wight freezes you.
The wight hits you from afar with a +4 halberd.
You feel drained. You block the wight's attack.
You closely miss the wight.
The wight hits you from afar with a +4 halberd.
You feel drained.
The wight hits you with a +3 morningstar of freezing!
You feel drained. The wight freezes you.
* * * LOW HITPOINT WARNING * * *
You block the wight's attack. The wight closely misses you.
You hit the wight. You headbutt the wight!
The wight is heavily damaged.
The wight barely misses you.
The wight hits you with a +3 morningstar of freezing.
* * * LOW HITPOINT WARNING * * *
You feel drained.
* * * LOW HITPOINT WARNING * * *
The wight freezes you.
* * * LOW HITPOINT WARNING * * *
You slice the wight!!
You destroy the wight!
The wight hits you from afar with a +4 halberd.
* * * LOW HITPOINT WARNING * * *
You feel drained. The wight barely misses you.
Unknown command.
The wight barely misses you.
You closely miss the wight. Your headbutt misses the wight.
The wight hits you with a +4 halberd!
* * * LOW HITPOINT WARNING * * *
The wight closely misses you. You furiously retaliate!
You headbutt the wight! You completely miss the wight.
The wight is heavily damaged.
You block the wight's attack. The wight closely misses you.
You barely miss the wight.
The wight is heavily damaged.
The wight hits you but does no damage. You block the wight's attack.
You closely miss the wight. You headbutt the wight.
The wight is heavily damaged.
The wight hits you with a +4 halberd.
You die...

...........#
#........
...........#
#........
...........#
#........
!..........#
#........
#.........#
##.......
#........#
#.......
#.......)###
##.......
##..O...#.z###
#........
##....####@.###
##........ ##..#
##...####......(..
###
##....<.#........
#....######...?.
#....# #####.
#...## ## #...#
#..## #..#


You could see a wight.

Vanquished Creatures
  Sigmund (D:3)
  4 yaks (D:6)
  2 water moccasins
  A black bear (D:5)
  2 ogres (D:6)
  A phantom (D:4)
  3 wights (D:6)
  2 hounds (D:5)
  A jelly (D:6)
  A gnoll bouda (D:5)
  An iguana (D:5)
  An orc wizard (D:5)
  4 gnolls (D:5)
  5 adders
  An ufetubus (D:4)
  2 worms (D:2)
  A dart slug (D:5)
  9 orcs
  7 ball pythons
  4 endoplasms
  3 giant cockroaches
  17 goblins
  9 hobgoblins
  4 jackals (Sewer)
  7 quokkas
  5 bats
  3 frilled lizards
  6 kobolds
  2 rats
109 creatures vanquished.

Notes
Turn   | Place    | Note
-------+----------+-------------------------------------------
     0 | D:1      | Peloso the Minotaur Fighter began the quest for the Orb.
     0 | D:1      | Reached XP level 1. HP: 19/19 MP: 0/0
   128 | D:1      | Found a faded altar of an unknown god.
   222 | D:1      | Reached XP level 2. HP: 25/27 MP: 1/1
   880 | D:2      | Reached XP level 3. HP: 14/33 MP: 2/2
  1550 | D:2      | Reached XP level 4. HP: 36/40 MP: 3/3
  2160 | D:3      | Found a radiant altar of Vehumet.
  2311 | D:3      | Noticed Sigmund
  2324 | D:3      | Killed Sigmund
  2325 | D:3      | Reached skill level 5 in Long Blades
  2325 | D:3      | Reached skill level 1 in Dodging
  2325 | D:3      | Reached XP level 5. HP: 39/47 MP: 4/4
  2523 | D:3      | Found a sacrificial altar of Ru.
  2575 | D:3      | Reached skill level 5 in Armour
  2575 | D:3      | Reached XP level 6. HP: 53/53 MP: 5/5
  2598 | D:3      | Found a hazy altar of Hepliaklqana.
  2852 | D:4      | Identified the +7 broad axe of the Winnowing Stork {heavy,
                  | SInv}
  3077 | D:4      | Found a basalt altar of Yredelemnul.
  3090 | D:4      | Identified the +0 flail "Oxodom" {venom, rCorr}
  3236 | D:5      | Entered Level 5 of the Dungeon
  3258 | D:5      | Reached skill level 1 in Axes
  3259 | D:5      | Reached skill level 5 in Fighting
  3261 | D:5      | Reached XP level 7. HP: 34/61 MP: 6/6
  3495 | D:5      | Found a glowing drain.
  3503 | D:5      | Reached skill level 2 in Axes
  3504 | Sewer    | Entered a sewer
  3892 | D:5      | Reached skill level 3 in Axes
  4126 | D:6      | Noticed a yak
  4129 | D:6      | Reached skill level 4 in Axes
  4129 | D:6      | Reached skill level 5 in Shields
  4130 | D:6      | Noticed a yak
  4131 | D:6      | Noticed a yak
  4132 | D:6      | Noticed a yak
  4134 | D:6      | Killed a yak
  4135 | D:6      | Reached skill level 5 in Axes
  4135 | D:6      | Reached XP level 8. HP: 68/70 MP: 7/7
  4148 | D:6      | Reached skill level 6 in Axes
  4208 | D:6      | Got the Writings on the Fairies
  4340 | D:6      | Reached skill level 7 in Axes
  4346 | D:6      | HP: 1/62 [wight/+4 halberd (11)]
  4349 | D:6      | Slain by a wight

Illustrated notes

Levels and vault maps discovered:
D:1:      sevenhm_arrival_forest_fort_large_2, layout_basic,
          dreamdust_ecumenical_altar_statues, minmay_small_reverse_x
D:2:      cheibrodos_greedy_goblins, layout_basic
D:3:      layout_rooms, nicolae_hepliaklqana_hippocampus, vehumet_crystals,
          lemuel_tele_altar, saegor_snake_ambush, uniq_sigmund
D:4:      layout_rooms, mainiacjoe_overflow_alcove_1
D:5:      layout_gridville, portal_sewer_entry_f,
          chequers_serial_rivers_small_3, minivault_26
D:6:      layout_cave_pods, mainiacjoe_overflow_24_doors, old_standard_altar,
          minmay_circle_x

Skill      XL: |  1  2  3  4  5  6  7  8 |
---------------+-------------------------+-----
Shields        | 4 5 |  5.4
Long Blades    | 3 5 6 |  6.1
Armour         | 4 5 6 |  6.9
Fighting       | 4 5 6 |  6.2
Dodging        | 1 2 3 |  3.5
Axes           | 1 5 7 |  7.4
Stealth        | |  0.4

Action                     |  1- 3 |  4- 6 |  7- 9 || total
---------------------------+-------+-------+-------++-------
  Melee: Long sword        |    83 |    77 |       ||   160
         Headbutt          |    11 |    12 |     5 ||    28
         Broad axe         |       |    22 |    48 ||    70
    Use: Scroll            |     2 |     4 |     1 ||     7
         Potion            |     2 |     3 |       ||     5
 Armour: Scale mail        |    50 |     1 |       ||    51
         Chain mail        |       |    66 |    43 ||   109
  Dodge: Dodged            |    38 |    28 |    41 ||   107
  Block: Buckler           |    21 |    29 |    25 ||    75
